 Dungeon Crawl Stone Soup version 0.31-a0-233-g139696dc86 (webtiles) character file.

Game seed: 11398370918231909233

44 qw the Shooter (level 3, -2/29 HPs)
             Began as a Minotaur Hexslinger on July 7, 2023.
             Slain by Sigmund
             ... wielding a +0 scythe
              (8 damage)
             ... on level 2 of the Dungeon.
             The game lasted 00:00:31 (819 turns).

qw the Shooter (Minotaur Hexslinger)                 Turns: 819, Time: 00:00:32

Health: -2/29      AC:  5    Str: 12    XL:     3   Next: 41%
Magic:  3/3        EV: 11    Int: 10    God:
Gold:   1          SH:  0    Dex: 14    Spells: 3/4 levels left

rFire   . . .        a - +1 sling
rCold   . . .        (no shield)
rNeg    . . .        g - +0 ring mail
rPois   .            (helmet restricted)
rElec   .            (no cloak)
rCorr   .            (no gloves)
SInv    .            (no boots)
Will    .....        (no amulet)
Stlth   +            (no ring)
HPRegen 0.24/turn    (no ring)
MPRegen 0.08/turn

%: no passive effects
@: no status effects
A: horns 2, retaliatory headbutt
a: no special abilities


You were on level 2 of the Dungeon.
You visited 1 branch of the dungeon, and saw 2 of its levels.

You collected 23 gold pieces.
You spent 22 gold pieces at shops.


Innate Abilities, Weirdness & Mutations

You have a pair of horns on your head.
You reflexively headbutt those who attack you in melee.


   Skills:
 - Level 2.0 Fighting
 - Level 4.0 Ranged Weapons
 + Level 0.1 Armour
 - Level 2.1 Dodging
 - Level 1.0 Spellcasting
 - Level 2.0 Hexes


You had 3 spell levels left.
You knew the following spells:

 Your Spells              Type           Power      Damage    Failure   Level
a - Slow                  Hex            16%        N/A       34%         1

Your spell library contained the following spells:

 Spells                   Type           Power      Damage    Failure   Level
 Inner Flame              Hex/Fire       2%         N/A       83%         3
 Portal Projectile        Hex/Tloc       4%         N/A       83%         3
 Cause Fear               Hex            2%         N/A       98%         4

Inventory:

Hand Weapons
 a - a +1 sling (weapon)
Armour
 g - a +0 ring mail (worn)
Scrolls
 e - a scroll of identify
Potions
 h - a potion of mutation

Dungeon Overview and Level Annotations

Branches:
Dungeon (2/15)

Altars:

Shops:
D:1 ?

Annotations:
D:2 Sigmund


Message History

Sigmund casts a spell at you. The puff of flame misses you.
Sigmund closely misses you.
You shoot a sling bullet. The sling bullet hits Sigmund.
Sigmund is moderately wounded.
You shoot a sling bullet. The sling bullet hits Sigmund.
Sigmund is heavily wounded.
Sigmund barely misses you.
You shoot a sling bullet. The sling bullet hits Sigmund.
Sigmund is severely wounded.
Sigmund gestures at you while chanting. You resist with significant effort.
Sigmund hits you but does no damage.
You shoot a sling bullet. The sling bullet barely misses Sigmund.
You shoot a sling bullet. The sling bullet barely misses Sigmund.
Sigmund barely misses you.
You shoot a sling bullet.
The sling bullet closely misses Sigmund.
Sigmund hits you from afar with a +0 scythe!
You shoot a sling bullet. The sling bullet hits Sigmund.
Sigmund is almost dead.
Sigmund casts a spell at you.
You are confused.
Sigmund says, "Your kind have come here before.
I understand now why.
You desire death..."
Sigmund completely misses you.
Sigmund gestures wildly while chanting.
Sigmund flickers and vanishes!
Deactivating autopickup; reactivate with Ctrl-A.
You shoot a sling bullet. Something hits you but does no damage.
You shoot a sling bullet. Something hits you.
You shoot a sling bullet.
You feel less confused. Something hits you.
You shoot a sling bullet. Something hits you.
You shoot a sling bullet. Something hits you but does no damage.
You shoot a sling bullet. Something hits you!
You die...

#########
#.......#
###
##.#####.#
.>.
#<.....#.#
#.# #+###
##@#.#.#.#
#.# #....#
#.###.#.#
###.###....#
#.{(..#.#
......+....#
#.......#
..#.###....#
#.#######
..#.###..#
#.#
..@.g....#
#.#
.#..[...[#
#.#
.#..##..####
#.#


There were no monsters in sight!

Vanquished Creatures
  An adder (D:2)
  A dart slug (D:2)
  3 ball pythons
  2 endoplasms
  A giant cockroach (D:1)
  6 goblins
  2 hobgoblins
  2 jackals (D:2)
  3 quokkas
  3 bats
  2 frilled lizards (D:1)
  2 kobolds (D:2)
  3 rats
31 creatures vanquished.

Notes
Turn   | Place    | Note
-------+----------+-------------------------------------------
     0 | D:1      | qw the Minotaur Hexslinger began the quest for the Orb.
     0 | D:1      | Reached XP level 1. HP: 16/16 MP: 1/1
     0 | D:1      | 0 ||| qw: Version: 0.3-a-46-gb1f654a
     0 | D:1      | 0 ||| qw: Game counter: 3143
     0 | D:1      | 0 ||| qw: Melee chars always use a shield: true
     0 | D:1      | 0 ||| qw: God list: Okawaru
     0 | D:1      | 0 ||| qw: Allow faded altars: false
     0 | D:1      | 0 ||| qw: Do Orc after clearing Dungeon:15 true
     0 | D:1      | 0 ||| qw: Do second Lair branch before Depths: true
     0 | D:1      | 0 ||| qw: Lair rune preference: random
     0 | D:1      | 0 ||| qw: Goals: Normal
     0 | D:1      | 0 ||| PLANNING D:1-11
   158 | D:1      | Reached skill level 3 in Ranged Weapons
   159 | D:1      | Reached XP level 2. HP: 23/23 MP: 2/2
   476 | D:1      | Found Vuegeso's Magic Scroll Shoppe.
   479 | D:1      | 479 ||| BUYING scroll of identify (22 gold).
   479 | D:1      | Bought a scroll of identify for 22 gold pieces
   479 | D:1      | 479 ||| SHOPLISTING scroll of identify (22 gold, have 1).
   479 | D:1      | 479 ||| SHOPLISTING scroll of teleportation (33 gold, have
                  | 1).
   479 | D:1      | 479 ||| UPGRADING to +0 ring mail.
   489 | D:1      | 489 ||| DROPPING +0 robe.
   490 | D:1      | 490 ||| READING 4 scrolls of identify.
   490 | D:1      | 490 ||| IDENTIFYING dark potion
   491 | D:1      | 491 ||| READING 3 scrolls of identify.
   491 | D:1      | 491 ||| IDENTIFYING pink potion
   492 | D:1      | 492 ||| READING 2 scrolls of identify.
   492 | D:1      | 492 ||| IDENTIFYING bubbling purple potion
   493 | D:1      | 493 ||| DROPPING scroll of poison.
   494 | D:1      | 494 ||| DROPPING potion of lignification.
   495 | D:1      | 495 ||| DROPPING potion of brilliance.
   554 | D:2      | 554 ||| FLEEEEING.
   578 | D:2      | Reached XP level 3. HP: 29/29 MP: 3/3
   670 | D:2      | Noticed Sigmund
   673 | D:2      | Reached skill level 4 in Ranged Weapons
   680 | D:2      | 680 ||| FLEEEEING.
   683 | D:2      | 683 ||| FLEEEEING.
   684 | D:2      | 684 ||| FLEEEEING.
   685 | D:2      | 685 ||| FLEEEEING.
   686 | D:2      | 686 ||| FLEEEEING.
   687 | D:2      | 687 ||| FLEEEEING.
   688 | D:2      | 688 ||| FLEEEEING.
   692 | D:2      | 692 ||| FLEEEEING.
   693 | D:2      | 693 ||| FLEEEEING.
   694 | D:2      | 694 ||| FLEEEEING.
   695 | D:2      | 695 ||| FLEEEEING.
   696 | D:2      | 696 ||| FLEEEEING.
   697 | D:2      | 697 ||| FLEEEEING.
   698 | D:2      | 698 ||| FLEEEEING.
   699 | D:2      | 699 ||| FLEEEEING.
   700 | D:2      | 700 ||| FLEEEEING.
   701 | D:2      | 701 ||| FLEEEEING.
   702 | D:2      | 702 ||| FLEEEEING.
   703 | D:2      | 703 ||| FLEEEEING.
   704 | D:2      | 704 ||| FLEEEEING.
   705 | D:2      | 705 ||| FLEEEEING.
   706 | D:2      | 706 ||| FLEEEEING.
   707 | D:2      | 707 ||| FLEEEEING.
   708 | D:2      | 708 ||| FLEEEEING.
   709 | D:2      | 709 ||| FLEEEEING.
   710 | D:2      | 710 ||| FLEEEEING.
   712 | D:2      | 712 ||| FLEEEEING.
   713 | D:2      | 713 ||| FLEEEEING.
   714 | D:2      | 714 ||| FLEEEEING.
   715 | D:2      | 715 ||| FLEEEEING.
   716 | D:2      | 716 ||| FLEEEEING.
   717 | D:2      | 717 ||| FLEEEEING.
   724 | D:2      | 724 ||| FLEEEEING.
   725 | D:2      | 725 ||| FLEEEEING.
   730 | D:2      | 730 ||| FLEEEEING.
   731 | D:2      | 731 ||| FLEEEEING.
   732 | D:2      | 732 ||| FLEEEEING.
   733 | D:2      | 733 ||| FLEEEEING.
   734 | D:2      | 734 ||| FLEEEEING.
   735 | D:2      | 735 ||| FLEEEEING.
   736 | D:2      | 736 ||| FLEEEEING.
   737 | D:2      | 737 ||| FLEEEEING.
   738 | D:2      | 738 ||| FLEEEEING.
   739 | D:2      | 739 ||| FLEEEEING.
   740 | D:2      | 740 ||| STAIRDANCE
   763 | D:2      | 763 ||| STAIRDANCE
   777 | D:2      | 777 ||| STAIRDANCE
   817 | D:2      | HP: 6/29 [something (6)]
   819 | D:2      | Slain by Sigmund

Levels and vault maps discovered:
D:1:      minmay_arrival_widening_spiral_wide, layout_basic, serial_shops,
          nicolae_shop_rolled_up, amcnicky_mini_corridor_feature,
          minmay_pentomino_v4
D:2:      layout_basic, uniq_sigmund

Skill      XL: |  1  2  3 |
---------------+----------+-----
Ranged Weapons | 3 4 |  4.0
Fighting       | 2 |  2.0
Armour         | |  0.1
Dodging        | |  2.1
Spellcasting   | |  1.0
Hexes          | |  2.0

Action                     || total
---------------------------++-------
   Fire: Sling             ||    74
    Use: Scroll            ||     3
 Armour: Ring mail         ||    20
  Dodge: Dodged            ||    25

Table legend:
 A = Non-vault XP
 B = Vault XP
 C = Vault XP percentage of total XP
 D = Non-vault monster count
 E = Vault monster count
 F = Vault count percentage of total count
                 A         B        C        D         E       F
            +---------+---------+-------+---------+---------+-------
      Total |      59 |       5 |   7.8 |      28 |       3 |   9.7
            +---------+---------+-------+---------+---------+-------
        D:1 |      17 |       5 |  22.7 |      10 |       3 |  23.1
        D:2 |      42 |       0 |   0.0 |      18 |       0 |   0.0
            +---------+---------+-------+---------+---------+-------
